AoeStats
← bassotto

Arena

510131406Analyzed
1v1 RM · 2d ago on Sep 29, 2026· 38m 45s· 2 players
Game mode
Random Map
Map size
Tiny (2 player)
Population
200
Speed
Normal
Resources
Standard
Victory
Conquest
Starting age
Dark Age
Ending age
Imperial Age
RankedLock teamsTeams togetherTeam positionsShared explorationLock speedFull tech treeHidden civsTurbo modeCheats
Victory
Defeat
🇪🇸 Poles · Spain
1183
+15
🇧🇷 Ethiopians · Brazil
1167
-15
bassotto
10:30 Feudal Age
14:35 Castle Age
12:55 Double-Bit Axe
14:31 Gold Mining
15:05 Horse Collar
16:46 Wheelbarrow
17:24 Fervor
17:17 Fletching
18:28 Crossbowman
23:16 Hand Cart
27:42 Imperial Age
25:41 Bodkin Arrow
27:25 Loom
30:31 Imperial Age
28:30 Padded Archer Armor
30:39 Arbalester
31:21 Bracer
33:23 Thumb Ring
36:40 Ballistics
38:30 Chemistry
Riding
11:31 Feudal Age
16:03 Castle Age
14:25 Stone Mining
14:24 Horse Collar
16:15 Double-Bit Axe
17:29 Heavy Plow
18:07 Bow Saw
18:30 Gold Mining
22:11 Scale Mail Armor
23:31 Wheelbarrow
24:21 Forging
24:33 Arson
24:49 Squires
32:14 Imperial Age
30:01 Hand Cart
32:14 Chain Mail Armor
32:35 Iron Casting
32:59 Cavalier
34:01 Szlachta Privileges
34:16 Conscription
34:10 Bloodlines
34:10 Scale Barding Armor
35:19 Stone Shaft Mining
36:22 Chain Barding Armor
37:35 Blast Furnace
37:04 Capped Ram
Connection lost

Rejoining the realm…

Still unreachable

The connection could not be restored.

Session expired

The server has moved on; the page needs a fresh start.